 Dungeon Crawl Stone Soup version 0.29.1-13-g9f3cf754e1 (webtiles) character file.

Game seed: 6775748079896523725

3795 wolfrpgdude the Fighter (level 9, 0/84 HPs)
             Began as a Minotaur Fighter on Feb 11, 2023.
             Was a High Priest of Okawaru.
             Slain by an eight-headed hydra (2 damage)
             ... on level 7 of the Dungeon.
             The game lasted 00:11:30 (7272 turns).

wolfrpgdude the Fighter (Minotaur Fighter)          Turns: 7272, Time: 00:11:32

Health: 0/84       AC: 13    Str: 26    XL:     9   Next: 96%
Magic:  8/8        EV:  8    Int:  5    God:    Okawaru [*****.]
Gold:   273        SH: 11    Dex: 13    Spells: 8/8 levels left

rFire   . . .      SeeInvis .   b - +8 demon trident "Cont" {elec, Str+4}
rCold   . . .      Faith    .   m - +0 kite shield
rNeg    . . .      Spirit   .   s - +5 scale mail
rPois   .          Reflect  .   (helmet restricted)
rElec   .          Harm     .   (no cloak)
rCorr   .          Rampage  .   (no gloves)
Will    .....                   (no boots)
Stlth   ..........              (no amulet)
HPRegen 0.24/turn               (no ring)
MPRegen 0.11/turn               (no ring)

@: no status effects
A: horns 2, retaliatory headbutt
a: Renounce Religion, Heroism, Finesse, Duel


You were on level 7 of the Dungeon.
You worshipped Okawaru.
Okawaru was extremely pleased with you.
You visited 2 branches of the dungeon, and saw 9 of its levels.

You collected 273 gold pieces.

Inventory:

Hand Weapons
 a - a +0 long sword
 b - the +8 demon trident "Cont" (weapon) {elec, Str+4}
   (You acquired it on level 4 of the Dungeon)

   It occasionally discharges a powerful burst of electricity upon striking a
   foe.
   Str:       It affects your strength (+4).
 j - a +2 short sword of speed
 x - the +9 sling "Elag Hun" {freeze, rPois rC++ rN+ Str+2}
   (You found it on level 7 of the Dungeon)

   Any ammunition fired from it freezes those it strikes, dealing additional
   cold damage.
   It can also slow down cold-blooded creatures.
   Str:       It affects your strength (+2).
   rC:        It greatly protects you from cold.
   rPois:     It protects you from poison.
   rN:        It protects you from negative energy.
Missiles
 y - 3 silver javelins
Armour
 m - a +0 kite shield (worn)
 s - a +5 scale mail (worn)
Jewellery
 k - a ring of resist corrosion
 u - an amulet of reflection
Wands
 e - a wand of quicksilver (7)
 q - a wand of flame (21)
Scrolls
 o - 7 scrolls of identify
 t - 3 scrolls of poison {unknown}
 v - 2 scrolls of fear {unknown}
 w - a scroll of teleportation
Potions
 c - a potion of haste {unknown}
 d - 4 potions of might
 f - 3 potions of curing
 g - 2 potions of heal wounds {unknown}
 h - 2 potions of brilliance
 i - a potion of magic {unknown}
 l - a potion of attraction {unknown}
 n - a potion of mutation {unknown}
 p - a potion of cancellation {unknown}
 r - a potion of degeneration {unknown}


   Skills:
 + Level 9.4 Fighting
 + Level 8.9 Long Blades
 + Level 9.3 Armour
 + Level 9.3 Shields


You had 8 spell levels left.
You didn't know any spells.
Your spell library contained the following spells:

 Spells                   Type           Power      Damage    Failure   Level
 Blink                    Tloc           0%         N/A       98%         2
 Poisonous Vapours        Pois/Air       0%         N/A       98%         2
 Static Discharge         Conj/Air       0%         3-3/arc   98%         2
 Ignite Poison            Fire/Tmut/Pois 0%         N/A       100%        3
 Inner Flame              Hex/Fire       0%         N/A       100%        3
 Lesser Beckoning         Tloc           0%         N/A       100%        3
 Mephitic Cloud           Conj/Pois/Air  0%         N/A       100%        3
 Portal Projectile        Hex/Tloc       0%         N/A       100%        3
 Cause Fear               Hex            0%         N/A       100%        4
 Corpse Rot               Necr/Pois/Air  0%         N/A       100%        4
 Passage of Golubria      Tloc           0%         N/A       100%        4
 Blade Hands              Tmut           0%         N/A       100%        5
 Freezing Cloud           Conj/Ice/Air   0%         6-21      100%        5
 Lightning Bolt           Conj/Air       0%         1d11      100%        5
 Manifold Assault         Tloc           0%         N/A       100%        5
 Silence                  Hex/Air        0%         N/A       100%        5
 Discord                  Hex            0%         N/A       100%        8
 Lehudib's Crystal Spear  Conj/Erth      0%         10d2      100%        8
 Maxwell's Capacitive Co  Air            0%         ∞         100%        8
 Chain Lightning          Conj/Air       0%         N/A       100%        9
 Fire Storm               Conj/Fire      0%         5d1       100%        9
 Shatter                  Erth           0%         3d5*      100%        9
 Tukima's Dance           Hex            Unusable   N/A       N/A         3

Dungeon Overview and Level Annotations

Branches:
Dungeon (8/15)             Temple (1/1) D:4
   Lair: D:8-11

Altars:
Ashenzari
Dithmenos
Elyvilon
Fedhas
Hepliaklqana
Nemelex Xobeh
Okawaru
Qazlal
Ru
Sif Muna
Trog
Uskayaw
Vehumet
Wu Jian
Xom
Yredelemnul
Zin
The Shining One
Jiyva

Shops:
D:1 [!   D:4 =   D:7 !

Annotations:
D:7 1 runed translucent door, Crazy Yiuf
D:8 1 transporter


Innate Abilities, Weirdness & Mutations

You have a pair of horns on your head.
You reflexively headbutt those who attack you in melee.


Message History

The eight-headed hydra bites you. The eight-headed hydra bites you!
The eight-headed hydra bites you.
You block the eight-headed hydra's attack.
The eight-headed hydra bites you but does no damage.
The eight-headed hydra bites you!
The eight-headed hydra closely misses you.
The eight-headed hydra barely misses you.
The eight-headed hydra bites you. The eight-headed hydra bites you!
You feel better.
The eight-headed hydra closely misses you.
The eight-headed hydra bites you but does no damage.
The eight-headed hydra completely misses you.
The eight-headed hydra barely misses you.
The eight-headed hydra bites you.
You block the eight-headed hydra's attack.
The eight-headed hydra bites you but does no damage.
You block the eight-headed hydra's attack.
You puncture the eight-headed hydra!
Lightning courses through the eight-headed hydra!
The eight-headed hydra is heavily wounded.
The eight-headed hydra bites you! The eight-headed hydra bites you.
The eight-headed hydra bites you but does no damage.
The eight-headed hydra bites you.
You block the eight-headed hydra's attack. x2
The eight-headed hydra bites you. x2
You see here a +0 flail.
The eight-headed hydra attacks as you move away!
The eight-headed hydra bites you!
* * * LOW HITPOINT WARNING * * *
The eight-headed hydra barely misses you.
You block the eight-headed hydra's attack.
The eight-headed hydra bites you.
* * * LOW HITPOINT WARNING * * *
The eight-headed hydra bites you.
* * * LOW HITPOINT WARNING * * *
The eight-headed hydra bites you!
* * * LOW HITPOINT WARNING * * *
The eight-headed hydra barely misses you.
The eight-headed hydra bites you.
You die...

#...†..#
####.##################
#......## ♣♣.♣♣
#.......# #♣...♣#
#.....#.## #.....#
#######..###♣...♣#
##...#♣♣.♣♣ ###.##♣.♣#
#.#♣...♣# #.#.♣♣♣@# .
##### #.#. ♣D# ..
......#.#.♣♣♣)# ..~
......#.#♣..o♣# ..~≈
......#†#♣...♣# ..~≈~
..>...#.#.♣♣♣†♣♣♣....#
.♣♣ #....# ♣§§o..|...#
... ###..# ♣♣§.♣♣♣D..P#
.♣♣ #..#♣...♣# ..~≈~


You could see an eight-headed hydra and an orc.

Vanquished Creatures
  A tengu conjurer (D:7)
  Prince Ribbit (D:7)
  Menkaure (D:5)
  4 water moccasins
  An orc warrior (D:7)
  3 black bears
  A sky beast (D:7)
  4 ice beasts
  3 ogres
  2 centaurs (D:7)
  A kobold brigand (D:7)
  Blork the orc (D:4)
  3 bullfrogs
  A gnoll sergeant (D:6)
  A necrophage (D:5)
  6 scorpions
  2 howler monkeys
  3 jellies (D:5)
  5 hounds
  2 gnoll boudas
  An orc priest (D:3)
  2 iguanas
  12 gnolls
  11 adders
  2 white imps (D:7)
  2 ufetubi
  2 worms
  4 dart slugs
  18 orcs
  3 bats
  2 endoplasms
  2 giant cockroaches (D:4)
  5 goblins
  7 hobgoblins
  5 kobolds
  2 ball pythons
  3 frilled lizards
  9 rats
138 creatures vanquished.

Vanquished Creatures (others)
  An orc wizard (D:3)
  11 plants
12 creatures vanquished.

Grand Total: 150 creatures vanquished

Notes
Turn   | Place    | Note
-------+----------+-------------------------------------------
     0 | D:1      | wolfrpgdude the Minotaur Fighter began the quest for the
                  | Orb.
     0 | D:1      | Reached XP level 1. HP: 19/19 MP: 0/0
    53 | D:1      | Found Uwemur's Distillery.
   364 | D:1      | Found Mecusch's Antique Armour Shop.
   372 | D:1      | Reached XP level 2. HP: 27/27 MP: 1/1
  1058 | D:2      | Found a faded altar of an unknown god.
  1566 | D:2      | Reached XP level 3. HP: 33/33 MP: 2/2
  2117 | D:3      | Reached XP level 4. HP: 19/41 MP: 3/3
  2829 | D:4      | Found a staircase to the Ecumenical Temple.
  2857 | Temple   | Entered the Ecumenical Temple
  3118 | Temple   | Became a worshipper of Warmaster Okawaru
  3199 | D:4      | Reached XP level 5. HP: 47/47 MP: 4/4
  3248 | D:4      | Found a glowing silver altar of Zin.
  3654 | D:4      | Reached skill level 5 in Fighting
  3703 | D:4      | Reached skill level 5 in Armour
  3741 | D:4      | Found Ciri's Jewellery Shop.
  3781 | D:4      | Identified a scroll of acquirement
  3781 | D:4      | Acquired the +8 demon trident "Cont" {elec, Str+4}
  3845 | D:4      | Reached skill level 5 in Shields
  3845 | D:4      | Reached XP level 6. HP: 42/56 MP: 5/5
  3940 | D:4      | Reached * piety under Okawaru
  3957 | D:4      | Noticed Blork the orc
  3966 | D:4      | Killed Blork the orc
  4135 | D:4      | Noticed a moth of wrath
  4139 | D:4      | Found a bloodstained altar of Trog.
  4403 | D:5      | Entered Level 5 of the Dungeon
  4413 | D:5      | Reached skill level 5 in Long Blades
  4413 | D:5      | Reached XP level 7. HP: 58/62 MP: 6/6
  4435 | D:5      | Reached ** piety under Okawaru
  4623 | D:5      | Noticed Menkaure
  4637 | D:5      | Killed Menkaure
  4784 | D:5      | Reached XP level 8. HP: 39/71 MP: 7/7
  6043 | D:6      | Reached *** piety under Okawaru
  6092 | D:6      | Found a glowing golden altar of the Shining One.
  6092 | D:6      | Found a faded altar of an unknown god.
  6098 | D:6      | Found a hazy altar of Hepliaklqana.
  6100 | D:6      | Found a faded altar of an unknown god.
  6102 | D:6      | Found a sparkling altar of Nemelex Xobeh.
  6202 | D:6      | Found a hide-covered altar of Uskayaw.
  6216 | D:6      | Noticed a +0 falchion
  6216 | D:6      | Noticed a +0 spear
  6216 | D:6      | Noticed a +0 falchion
  6216 | D:6      | Noticed a +0 short sword
  6217 | D:6      | Noticed a +0 spear
  6217 | D:6      | Noticed a +0 short sword
  6218 | D:6      | Noticed a +0 dagger
  6218 | D:6      | Noticed a +0 dagger
  6293 | D:6      | Found a shimmering blue altar of Sif Muna.
  6470 | D:6      | Reached XP level 9. HP: 81/81 MP: 8/8
  6523 | D:7      | Noticed Prince Ribbit
  6529 | D:7      | Killed Prince Ribbit
  6529 | D:7      | Reached **** piety under Okawaru
  6581 | D:7      | Found Bateng's Distillery.
  6910 | D:7      | Identified the +9 sling "Elag Hun" {freeze, rPois rC++ rN+
                  | Str+2}
  6980 | D:7      | Found a runed translucent door.
  6980 | D:7      | Identified the +4 hammer of Prudence {venom, Fragile Int+6
                  | Dex+6}
  6981 | D:7      | Noticed Crazy Yiuf
  6983 | D:7      | You fall into a shaft and drop 1 floor!
  6983 | D:8      | Found a transporter.
  6992 | D:8      | Found a viscous altar of Jiyva.
  7233 | D:7      | Received a gift from Okawaru
  7249 | D:7      | Noticed a tengu conjurer
  7255 | D:7      | Noticed an eight-headed hydra
  7255 | D:7      | Killed a tengu conjurer
  7255 | D:7      | Reached ***** piety under Okawaru
  7272 | D:7      | HP: 2/84 [eight-headed hydra (9)]
  7272 | D:7      | Slain by an eight-headed hydra

Illustrated notes

Levels and vault maps discovered:
D:1:      nzn_arrival_settlement, layout_loops_ring, serial_shops, shop, shop,
          minmay_door_square, chequers_garden
D:2:      layout_loops_corners, nicolae_ecumenical_lake_church,
          nicolae_figureground_pulse
D:3:      layout_rooms
D:4:      layout_loops_ring, tgw_trog, mainiacjoe_overflow_boulevard,
          minmay_temple_entry_offerings, serial_shops, shop,
          hangedman_decor_diamond_cutter, uniq_blork_the_orc
D:5:      layout_layer_cave, serial_bayou, serial_bayou_pond_b,
          serial_bayou_pond_d, serial_bayou_pond_b, serial_bayou_lagoon_b,
          serial_bayou_shore_b, serial_bayou_lake_a, uniq_menkaure
D:6:      layout_gridville, nicolae_uskayaw_en_pointe,
          nicolae_overflow_crystal_walls, chequers_temple_overflow_minitemple,
          hangedman_decor_points
D:7:      nzn_winding_woodlands_large [nzn_winding_woodlands_5x5_default,
          nzn_winding_woodlands_5x15_zeroes,
          nzn_winding_woodlands_5x5_open_star,
          nzn_winding_woodlands_center_diamonds,
          nzn_winding_woodlands_15x15_eel_pit,
          nzn_winding_woodlands_center_pierced_h,
          nzn_winding_woodlands_5x5_checkerboard,
          nzn_winding_woodlands_5x15_pool, nzn_winding_woodlands_5x5_three],
          layout_rooms, mainiacjoe_overflow_alcove_1, serial_shops, shop,
          nrook_pool_corridor, uniq_crazy_yiuf_cottage, uniq_pikel,
          uniq_prince_ribbit1
D:8:      gammafunk_jiyva_shrine, layout_rooms, uniq_erica
Temple:   grunt_temple_mini_profane

Skill      XL: |  1  2  3  4  5  6  7  8  9 |
---------------+----------------------------+-----
Fighting       | 4 5 6 8 9 |  9.4
Long Blades    | 3 4 5 6 7 8 |  8.9
Armour         | 4 5 6 7 9 |  9.3
Shields        | 4 5 6 7 9 |  9.3

Action                   |  1- 3 |  4- 6 |  7- 9 || total
-------------------------+-------+-------+-------++-------
Melee: Long sword        |    13 |       |       ||    13
       Headbutt          |     9 |    27 |    14 ||    50
       Short sword       |    77 |   125 |       ||   202
       Demon trident     |       |    33 |   162 ||   195
 Fire: Sling             |       |       |     1 ||     1
  Use: Scroll            |     6 |     6 |       ||    12
       Potion            |       |       |     3 ||     3
Armor: Scale mail        |    40 |    51 |    93 ||   184
Dodge: Dodged            |    28 |    35 |    73 ||   136
Block: Buckler           |     6 |       |       ||     6
       Kite shield       |     3 |    51 |   104 ||   158
